[Event "FIDE WCCC G10 2018"]
[Site "Santiago de Compostela"]
[Date "2018.11.15"]
[Round "11"]
[White "Ho, Ngoc Vy"]
[Black "Unurzul, Davaakhuu"]
[Result "1-0"]
[ECO "D94"]
[WhiteElo "1275"]
[BlackElo "1342"]
[Annotator "NA"]
[PlyCount "79"]
[EventDate "2018.11.04"]
[EventType "swiss"]
[EventCountry "ESP"]
[SourceTitle "playchess.com"]
[Source "ChessBase"]
[SourceQuality "1"]
[TimeControl "40/5400+30:1800+30"]

1. d4 Nf6 2. c4 g6 3. Nc3 d5 4. Nf3 Bg7 5. e3 O-O 6. Be2 c6 7. O-O Nbd7 8. c5 b6 9. b4 a5 10. Ba3 axb4 11. Bxb4 bxc5 12. dxc5 Ne4 13. Rc1 Rb8 14. a3 Ndxc5 15. Nxe4 Nxe4 16. Rxc6 Bd7 17. Ra6 Bg4 18. h3 Bc8 19. Ra5 Bb7 20. Nd4 Re8 21. Bb5 Rf8 22. Bc6 Bxd4 23. Rxd5 Qb6 24. Bxb7 Bf6 25. Qd3 Qxb7 26. Qxe4 e6 27. Bxf8 Rxf8 28. Rd4 Qxe4 29. Rxe4 Ra8 30. a4 Kf8 31. Rb1 Be7 32. Rb7 Rc8 33. Kf1 Bd6 34. a5 Ra8 35. Ra4 Ke8 36. a6 h6 37. a7 Kd8 38. Ra6 Kc8 39. Rxf7 Bc7 40. Rf8+ 1-0

[Event "FIDE WCCC G10 2018"]
[Site "Santiago de Compostela"]
[Date "2018.11.15"]
[Round "11"]
[White "Wen, Kally"]
[Black "Kurmanalina, Deniza"]
[Result "0-1"]
[ECO "B40"]
[WhiteElo "1195"]
[BlackElo "1320"]
[Annotator "NA"]
[PlyCount "88"]
[EventDate "2018.11.04"]
[EventType "swiss"]
[EventCountry "ESP"]
[SourceTitle "playchess.com"]
[Source "ChessBase"]
[SourceQuality "1"]
[TimeControl "40/5400+30:1800+30"]

1. e4 c5 2. Nf3 e6 3. d4 cxd4 4. Nxd4 Nf6 5. Bd3 Nc6 6. Nxc6 bxc6 7. O-O d6 8. b3 Be7 9. Bb2 O-O 10. f4 Qb6+ 11. Kh1 Ba6 12. c4 Rfd8 13. Qc2 h6 14. Qe2 c5 15. Nc3 Rab8 16. e5 dxe5 17. Na4 Qc6 18. Bxe5 Rbc8 19. f5 Bb7 20. fxe6 Rxd3 21. exf7+ Kxf7 22. Bxf6 Bxf6 23. Nxc5 Qxg2+ 24. Qxg2 Bxg2+ 25. Kxg2 Rxc5 26. Rad1 Rxd1 27. Rxd1 Ra5 28. a4 Re5 29. c5 Rxc5 30. Rd7+ Kg6 31. Rxa7 Rc2+ 32. Kf1 Rxh2 33. b4 Rb2 34. b5 h5 35. Rb7 h4 36. a5 h3 37. Kg1 h2+ 38. Kh1 Be5 39. Rb6+ Kg5 40. a6 Rb1+ 41. Kg2 h1=Q+ 42. Kf2 Rb3 43. a7 Qh2+ 44. Ke1 Rb1# 0-1

[Event "FIDE WCCC G10 2018"]
[Site "Santiago de Compostela"]
[Date "2018.11.15"]
[Round "11"]
[White "Pheng, Sophia"]
[Black "Chekhani, Anna"]
[Result "0-1"]
[ECO "B85"]
[WhiteElo "1022"]
[BlackElo "1288"]
[Annotator "NA"]
[PlyCount "90"]
[EventDate "2018.11.04"]
[EventType "swiss"]
[EventCountry "ESP"]
[SourceTitle "playchess.com"]
[Source "ChessBase"]
[SourceQuality "1"]
[TimeControl "40/5400+30:1800+30"]

1. e4 c5 2. Nf3 e6 3. d4 cxd4 4. Nxd4 Nf6 5. Nc3 d6 6. Be2 a6 7. O-O Qc7 8. a4 b6 9. f4 Bb7 10. Bf3 Nbd7 11. Nb3 Be7 12. Kh1 Nc5 13. Nxc5 bxc5 14. Be3 O-O 15. g4 d5 16. e5 d4 17. exf6 Bxf6 18. Bd2 dxc3 19. bxc3 Rfd8 20. Qe2 Rd7 21. g5 Be7 22. c4 Rad8 23. Bc3 Bd6 24. Rab1 Bc6 25. Qe1 Bxf3+ 26. Rxf3 Qc6 27. Qe3 Qxa4 28. Qe4 Rc8 29. Rb6 Bc7 30. Rc6 Rd1+ 31. Kg2 Rd7 32. Qe5 Qxc2+ 33. Rf2 Qg6 34. Ba5 f6 35. Qxe6+ Qf7 36. Qg4 f5 37. Qe2 Re8 38. Qa2 Bxa5 39. Qxa5 Qxc4 40. Rxc5 Qe4+ 41. Kg3 Rd3+ 42. Kh4 Qe3 43. Qa2+ Kh8 44. g6 h6 45. Qf7 Qh3# 0-1